cohdb
Replays
Latest Replays
All Replays
Popular Replays
Top Player Replays
Match Explorer
How It Works
Community
CoH3 Stats
Reddit
Sign in to upload your games and track your stats! →
Sign in with Steam
Match 26238222
Unlisted
Match 26238222
Overview
Messages
Build Orders
End
Construct Barracks
Selects Advanced Infantry Battlegroup
Riflemen Squad
Riflemen Squad
Engineer Squad
Riflemen Squad
Infantry Support Center
Selects Ammunition Storage
Selects Convert to Ranger Squad
Construct Medical Station
Construct Weapon Support Center
Sniper
M1918 Browning Automatic Rifles
Construct Motor Pool
M1 Anti-tank Gun Team
Grenade Package
Selects Designate Assault Position
Designate Assault Position
backpack
Wrathment
0
0
Comments
sign in to comment!
No comments posted yet!